 Dungeon Crawl Stone Soup version 0.26-a0-660-gc07710193c (webtiles) character file.

Game seed: 4673406712323858758

241 pichaelthompson the Shield-Bearer (level 6, -3/53 HPs)
             Began as a Gnoll Fighter on Oct 5, 2020.
             Slain by Menkaure (13 damage)
             ... on level 4 of the Dungeon on Oct 6, 2020.
             The game lasted 00:05:15 (3395 turns).

pichaelthompson the Shield-Bearer (Gnoll Fighter)   Turns: 3395, Time: 00:05:15

Health: -3/53      AC: 12    Str: 18    XL:     6   Next: 8%
Magic:  8/8        EV:  5    Int: 10    God:
Gold:   181        SH: 12    Dex: 17    Spells: 8/8 levels left

rFire    . . .     SeeInvis .   a - +0 long sword
rCold    . . .     Faith    .   x - +2 kite shield
rNeg     . . .     Spirit   .   q - +0 chain mail
rPois    .         Reflect  .   h - +0 helmet
rElec    .         Harm     .   e - +0 cloak
rCorr    .         Rampage  .   (no gloves)
MR       +....                  (no boots)
Stlth    ..........             (no amulet)
HPRegen  0.17/turn              v - ring of protection from magic
MPRegen  0.11/turn              (no ring)

@: heavily drained
A: distributed training, fangs 1, strong nose
a: no special abilities


You were on level 4 of the Dungeon.
You visited 1 branch of the dungeon, and saw 4 of its levels.

You collected 181 gold pieces.

Inventory:

Hand Weapons
 a - a +0 long sword (weapon)
Missiles
 l - 3 silver boomerangs
 p - 5 boomerangs (quivered)
Armour
 e - a +0 cloak (worn)
 h - a +0 helmet (worn)
 q - a +0 chain mail (worn)
 x - a +2 kite shield (worn)
Jewellery
 v - a ring of protection from magic (left hand)
Scrolls
 f - 2 scrolls of amnesia {unknown}
 g - 6 scrolls of teleportation {unknown}
 i - 2 scrolls of remove curse {unknown}
 j - 2 scrolls of blinking {unknown}
 m - a scroll of enchant armour {unknown}
 o - a scroll of identify {unknown}
 r - a scroll of immolation {unknown}
 u - a scroll of fear {unknown}
Potions
 b - a potion of flight {unknown}
 d - a potion of might
 k - a potion of invisibility {unknown}
 n - a potion of mutation {unknown}
 s - a potion of curing {unknown}
 t - a potion of stabbing {unknown}
 w - a potion of heal wounds


   Skills:
 + Level 6.8(5.2) Fighting
 + Level 1.8(0.4) Short Blades
 + Level 4.9(3.4) Long Blades
 + Level 1.8(0.4) Axes
 + Level 1.8(0.4) Maces & Flails
 + Level 1.8(0.4) Polearms
 + Level 1.8(0.4) Staves
 + Level 1.8(0.4) Slings
 + Level 1.8(0.4) Bows
 + Level 1.8(0.4) Crossbows
 + Level 1.8(0.4) Throwing
 + Level 6.8(5.2) Armour
 + Level 1.8(0.4) Dodging
 + Level 1.8(0.4) Stealth
 + Level 6.8(5.2) Shields
 + Level 1.8(0.4) Unarmed Combat
 + Level 1.8(0.4) Spellcasting
 + Level 1.4(0.1) Conjurations
 + Level 1.4(0.1) Hexes
 + Level 1.4(0.1) Summonings
 + Level 1.4(0.1) Necromancy
 + Level 1.4(0.1) Translocations
 + Level 1.4(0.1) Transmutations
 + Level 1.4(0.1) Fire Magic
 + Level 1.4(0.1) Ice Magic
 + Level 1.4(0.1) Air Magic
 + Level 1.4(0.1) Earth Magic
 + Level 1.4(0.1) Poison Magic
 + Level 2.0(0.7) Invocations
 + Level 1.8(0.4) Evocations


You had 8 spell levels left.
You didn't know any spells.
Your spell library was empty.

Dungeon Overview and Level Annotations

Branches:
Dungeon (4/15)
 Temple: D:4-7

Altars:
Dithmenos
Trog
Uskayaw

Annotations:
D:4 Edmund, Menkaure


Innate Abilities, Weirdness & Mutations

Your experience applies equally to all skills.
You have very sharp teeth.
Your uncanny sense of smell can sniff out nearby items.


Message History

Your body is wracked with pain!
* * * LOW HITPOINT WARNING * * *
Edmund barely misses you.
Menkaure calls on the powers of darkness!
Your body is wracked with pain!
* * * LOW HITPOINT WARNING * * *
You hit Edmund.
Edmund is almost dead.
Edmund drinks a potion.
Edmund is healed!
Edmund barely misses you.
Your chain mail prevents you from hitting Edmund.
Edmund is moderately wounded.
Edmund hits you but does no damage.
You feel drained.
Unknown command.
You hit Edmund.
Edmund is moderately wounded.
Edmund barely misses you. Menkaure completely misses you.
You hit Edmund.
Edmund is moderately wounded.
Edmund hits you but does no damage.
You feel drained. Menkaure hits you!
You die...

##########)# . ........#
∆ ######### ∆ ∆
########## M# #........#
.# #.######.# .# #M# #.#
.# #@# #.# .# ..
#.@....#.# .# .....
.###.####.###.# .... #.#
..............# ...# #.#
#####.##.##########
.#.### #.#
#?##........... .....#
#.# ##...).###### .....#
#.# ...........†...
.....#
#.########.##.......####


You could see Edmund and Menkaure.

Vanquished Creatures
  An orc wizard (D:3)
  A worker ant (D:4)
  3 gnolls
  6 adders
  An ooze (D:2)
  4 worms
  4 dart slugs
  A leopard gecko (D:2)
  13 orcs
  A giant cockroach (D:3)
  8 goblins
  7 hobgoblins
  3 jackals (D:4)
  A quokka (D:2)
  A ball python (D:1)
  8 bats
  2 frilled lizards
  6 kobolds
  9 rats
80 creatures vanquished.

Notes
Turn   | Place    | Note
-------+----------+-------------------------------------------
     0 | D:1      | pichaelthompson the Gnoll Fighter began the quest for the
                  | Orb.
     0 | D:1      | Reached XP level 1. HP: 23/23 MP: 1/1
   347 | D:1      | Reached XP level 2. HP: 29/29 MP: 2/2
   803 | D:2      | Reached XP level 3. HP: 35/35 MP: 3/3
   815 | D:2      | Found a faded altar of an unknown god.
   974 | D:2      | Reached skill level 1 in Invocations
  1033 | D:2      | Found a bloodstained altar of Trog.
  1119 | D:2      | Reached skill level 1 in Short Blades
  1119 | D:2      | Reached skill level 1 in Axes
  1119 | D:2      | Reached skill level 1 in Maces & Flails
  1119 | D:2      | Reached skill level 1 in Polearms
  1119 | D:2      | Reached skill level 1 in Staves
  1119 | D:2      | Reached skill level 1 in Slings
  1119 | D:2      | Reached skill level 1 in Bows
  1119 | D:2      | Reached skill level 1 in Crossbows
  1119 | D:2      | Reached skill level 1 in Throwing
  1119 | D:2      | Reached skill level 1 in Dodging
  1119 | D:2      | Reached skill level 1 in Stealth
  1119 | D:2      | Reached skill level 1 in Unarmed Combat
  1119 | D:2      | Reached skill level 1 in Spellcasting
  1119 | D:2      | Reached skill level 1 in Evocations
  1201 | D:2      | Reached XP level 4. HP: 41/41 MP: 5/5
  1890 | D:3      | Reached skill level 1 in Conjurations
  1890 | D:3      | Reached skill level 1 in Hexes
  1890 | D:3      | Reached skill level 1 in Summonings
  1890 | D:3      | Reached skill level 1 in Necromancy
  1890 | D:3      | Reached skill level 1 in Translocations
  1890 | D:3      | Reached skill level 1 in Transmutations
  1890 | D:3      | Reached skill level 1 in Fire Magic
  1890 | D:3      | Reached skill level 1 in Ice Magic
  1890 | D:3      | Reached skill level 1 in Air Magic
  1890 | D:3      | Reached skill level 1 in Earth Magic
  1890 | D:3      | Reached skill level 1 in Poison Magic
  1927 | D:3      | Reached XP level 5. HP: 41/47 MP: 6/6
  2106 | D:3      | Found a shadowy altar of Dithmenos.
  2651 | D:3      | Noticed a -2 hand axe
  2652 | D:3      | Noticed a +0 dagger
  2658 | D:3      | Found a hide-covered altar of Uskayaw.
  3023 | D:4      | Reached XP level 6. HP: 50/53 MP: 8/8
  3367 | D:4      | Noticed Menkaure
  3383 | D:4      | Noticed Edmund
  3395 | D:4      | Slain by Menkaure

Illustrated notes

Levels and vault maps discovered:
D:1:      eino_arrival_tree_alley, layout_basic
D:2:      layout_basic, lemuel_crystal_altar,
          chequers_ecumenical_altar_simple_redux
D:3:      layout_rooms, dancing_weapons_uskayaw, lemuel_round_altar
D:4:      layout_basic, uniq_ijyb, uniq_edmund, uniq_menkaure

Skill      XL: |  1  2  3  4  5  6 |
---------------+-------------------+-----
Invocations    | 1 2 |  2.0
Short Blades   | 1 |  1.8
Axes           | 1 |  1.8
Maces & Flails | 1 |  1.8
Polearms       | 1 |  1.8
Staves         | 1 |  1.8
Slings         | 1 |  1.8
Bows           | 1 |  1.8
Crossbows      | 1 |  1.8
Throwing       | 1 |  1.8
Dodging        | 1 |  1.8
Stealth        | 1 |  1.8
Unarmed Combat | 1 |  1.8
Spellcasting   | 1 |  1.8
Evocations     | 1 |  1.8
Conjurations   | 1 |  1.4
Hexes          | 1 |  1.4
Summonings     | 1 |  1.4
Necromancy     | 1 |  1.4
Translocations | 1 |  1.4
Transmutations | 1 |  1.4
Fire Magic     | 1 |  1.4
Ice Magic      | 1 |  1.4
Air Magic      | 1 |  1.4
Earth Magic    | 1 |  1.4
Poison Magic   | 1 |  1.4
Fighting       | |  6.8
Long Blades    | |  4.9
Armour         | |  6.8
Shields        | |  6.8

Action                   |  1- 3 |  4- 6 || total
-------------------------+-------+-------++-------
Melee: Long sword        |    73 |   198 ||   271
       Bite              |     4 |    23 ||    27
Armor: Scale mail        |    23 |    43 ||    66
       Chain mail        |       |    80 ||    80
Dodge: Dodged            |    21 |    66 ||    87
Block: Kite shield       |    49 |   135 ||   184
       Rpst.: Long sword |     4 |    24 ||    28

Table legend: (Time is in decaauts)
 A = Elapsed time spent in this place.
 B = Non-inter-level travel time spent in this place.
 C = Inter-level travel time spent in this place.
 D = Time resting spent in this place.
 E = Time spent auto-exploring this place.
 F = Levels seen in this place.
 G = Mean time per level.
                   A        B        C        D        E       F      G
               +--------+--------+--------+--------+--------+-----+--------+
         Total |   3462 |   3462 |      0 |    424 |   2219 |   4 |  865.5 |
       Dungeon |   3462 |   3462 |      0 |    424 |   2219 |   4 |  865.5 |
               +--------+--------+--------+--------+--------+-----+--------+

Top non-repeatable levels by time:
     D:2: 1562 daAuts
     D:3: 662 daAuts
     D:4: 621 daAuts
     D:1: 616 daAuts
